 Dungeon Crawl Stone Soup version 0.26.1-11-gd32895ea62 (webtiles) character file.

Game seed: 11811757834563704135

114 PaiMei the Stinger (level 4, 0/30 HPs)
             Began as a Merfolk Venom Mage on July 3, 2021.
             Slain by an orc wizard
             ... wielding a +0 dagger
              (3 damage)
             ... on level 3 of the Dungeon.
             The game lasted 00:07:22 (4094 turns).

PaiMei the Stinger (Merfolk Venom Mage)             Turns: 4094, Time: 00:07:23

Health: 0/30       AC:  3    Str:  8    XL:     4   Next: 97%
Magic:  1/8        EV: 12    Int: 15    God:
Gold:   123        SH:  0    Dex: 14    Spells: 6/9 levels left

rFire    . . .     SeeInvis .   q - +2 falchion (vamp)
rCold    . . .     Faith    .   (no shield)
rNeg     . . .     Spirit   .   d - +0 leather armour
rPois    .         Reflect  .   (no helmet)
rElec    .         Harm     .   (no cloak)
rCorr    .         Rampage  .   (no gloves)
Will     .....                  (no boots)
Stlth    ++........             (no amulet)
HPRegen  0.10/turn              (no ring)
MPRegen  0.11/turn              (no ring)

@: no status effects
A: change form in water, swift swim, stealthy swim
a: no special abilities


You were on level 3 of the Dungeon.
You visited 1 branch of the dungeon, and saw 3 of its levels.

You collected 123 gold pieces.

Inventory:

Hand Weapons
 h - a +0 dagger
 q - a +2 vampiric falchion (weapon)
Missiles
 f - 43 sling bullets
 g - 50 arrows
 k - 11 poisoned darts (quivered)
 r - 12 stones
Armour
 a - a +0 robe
 d - a +0 leather armour (worn)
 s - a +2 ring mail of willpower
Jewellery
 l - an uncursed ring of willpower {unknown}
Scrolls
 b - a scroll of blinking {unknown}
 c - a scroll of amnesia {unknown}
 e - 2 scrolls of identify {unknown}
 i - a scroll of remove curse {unknown}
 m - a scroll of magic mapping {unknown}
 o - 2 scrolls of teleportation {unknown}
 p - a scroll of fog {unknown}
Potions
 j - a potion of heal wounds {unknown}
 n - 2 potions of brilliance {unknown}


   Skills:
 - Level 3.0 Dodging
 - Level 2.4 Stealth
 + Level 3.0 Spellcasting
 - Level 1.8 Transmutations
 * Level 5.0 Poison Magic


You had 6 spell levels left.
You knew the following spells:

 Your Spells              Type           Power        Failure   Level
a - Sting                 Tmut/Pois      48%          7%          1
b - Poisonous Vapours     Pois/Air       18%          16%         2

Your spell library contained the following spells:

 Spells                   Type           Power        Failure   Level
 Animate Skeleton         Necr           4%           28%         1
 Apportation              Tloc           4%           28%         1
 Corona                   Hex            2%           28%         1
 Summon Small Mammal      Summ           8%           28%         1
 Ignite Poison            Fire/Tmut/Pois 9%           34%         3
 Olgreb's Toxic Radiance  Pois           17%          36%         4
 Mephitic Cloud           Conj/Pois/Air  7%           41%         3


Dungeon Overview and Level Annotations

Branches:
Dungeon (3/15)

Altars:


Message History

You're too confused to move!
You feel less confused.
Casting: Sting (safe; 7% risk of failure)
Confirm with . or Enter, or press ? or * to list all spells.
Aiming: Poisonous Vapours (safe; 16% risk of failure)
Press: ? - help, Dir - move target, f - orc wizard
Aim: an orc wizard, wielding a +0 dagger and wearing a +0 robe Poisonous vapours surround the orc wizard!
The orc wizard is engulfed in poison gas.
The orc wizard is poisoned.
You hit the orc wizard.
You feel better.
The orc wizard is severely wounded.
The orc wizard hits you with a +0 dagger.
* * * LOW HITPOINT WARNING * * *
The orc wizard hits you with a +0 dagger.
* * * LOW HITPOINT WARNING * * *
You closely miss the orc wizard.
The orc wizard is severely wounded.
The orc wizard hits you with a +0 dagger.
You die...

#.# ###.....# #.##
#...###.# #..# #.### #..
##.# #..## ### #.####
##..###.. #....#
####.....# ####.#
##.......##
########.#######..#####.##
#...##...@o......## #.#.
#...##..........## #...
#...##.<.......## ####
#...##.........#
#..)##.........#
#>.............# #
#...##.........# ##
#...##..[......#### #.
#...##............## ##.


You could see an orc wizard (poisoned).

Vanquished Creatures
  An orc wizard (D:3)
  3 adders
  An ooze (D:1)
  A dart slug (D:3)
  2 leopard geckos
  4 orcs (D:3)
  5 bats
  2 giant cockroaches
  5 goblins
  10 hobgoblins
  A jackal (D:2)
  2 quokkas (D:3)
  4 frilled lizards
  3 kobolds
  3 rats
47 creatures vanquished.

Notes
Turn   | Place    | Note
-------+----------+-------------------------------------------
     0 | D:1      | PaiMei the Merfolk Venom Mage began the quest for the Orb.
     0 | D:1      | Reached XP level 1. HP: 13/13 MP: 3/3
   663 | D:1      | Reached XP level 2. HP: 13/19 MP: 0/5
  1471 | D:1      | Learned a level 2 spell: Poisonous Vapours
  1799 | D:2      | Reached XP level 3. HP: 24/24 MP: 3/6
  1956 | D:2      | Reached skill level 4 in Poison Magic
  3214 | D:3      | Reached XP level 4. HP: 30/30 MP: 2/7
  4062 | D:3      | Reached skill level 5 in Poison Magic
  4094 | D:3      | Slain by an orc wizard

Illustrated notes

Levels and vault maps discovered:
D:1:      dpeg_arrival_three_smaller_balls, layout_loops_ring, fountainhead,
          chequers_serial_rivers_small_b
D:2:      layout_loops_ring, st_stairs_13, minmay_pentomino_t2
D:3:      minmay_spotlight, layout_rooms

Skill      XL: |  1  2  3  4 |
---------------+-------------+-----
Dodging        | 3 |  3.0
Poison Magic   | 4 5 |  5.0
Spellcasting   | 3 |  3.0
Stealth        | |  2.4
Transmutations | |  1.8

Action                   |  1- 3 |  4- 6 || total
-------------------------+-------+-------++-------
Melee: Unarmed           |    33 |       ||    33
       Dagger            |    10 |       ||    10
       Falchion          |       |     4 ||     4
 Cast: Sting             |    35 |     1 ||    36
       Poisonous Vapours |    16 |    22 ||    38
Armor: Leather armour    |    14 |       ||    14
Dodge: Dodged            |    34 |     4 ||    38
